Aethelfleda, neutral female human Barbarian W W W & & WW W W W L W W WV H m WW ----- ---------B W W W |...-----....I@O. L W W |............I^-- &W |....---.....[.| W c --------| ----....--------------- WWW |....(.(| |.....%............| @ |......|| |...--[[...........| ||......---- |...--...(.........-- W ----.(|...|...| |.......---------...-- W W |.......%.----- -----.... |.| |....--- V -----.......(.| |.--------.-- |-..+..---- W W |...)@----)...---------...........---.........| VWV WW |.....| |-.....%.......--------....)......---- WWW WW W |....-----.....---------- |......<..---- W |.|..........|.| |.|........| W ---------------- ------------ Aethelfleda the Raider Experience level: 14 Strength: 25 Dexterity: 18 Constitution: 18 Intelligence: 11 Wisdom: 12 Charisma: 8 Health: 0(130) Energy: 33(33) Def: 9 Gold: 0 Moves: 18377 Dungeon seed: AJZjsW0dpfaOLD-a Game ID: Aethelfleda_1528366111 Your Inventory: Amulets D - the blessed Eye of the Aethiopica T - an uncursed amulet of ESP (being worn) Weapons a - the blessed rustproof +3 Cleaver (weapon in hands) Armor q - a blessed +1 cloak of invisibility r - an uncursed burnt +0 pair of speed boots (being worn) y - an uncursed +0 pair of gauntlets of power (being worn) z - a blessed +0 cloak of displacement (being worn) H - an uncursed +0 set of silver dragon scales (being worn) X - an uncursed burnt +0 elven leather helm (being worn) Comestibles C - an uncursed lembas wafer L - an uncursed lizard corpse Rings b - an uncursed ring of levitation Q - an uncursed ring of conflict Y - an uncursed ring of warning Wands h - an uncursed wand of striking (0:5) i - an uncursed wand of magic missile (0:5) k - an uncursed wand of teleportation (0:5) o - an uncursed wand of magic missile (0:6) B - an uncursed wand of magic missile (0:4) F - an uncursed wand of cold (0:5) W - an uncursed wand of create monster (0:15) Tools e - an uncursed skeleton key m - an uncursed magic lamp (lit) n - an uncursed bugle named MISERY ME, LACKADAY DEE u - an uncursed +0 unicorn horn w - a blessed bag of holding x - an uncursed blindfold P - an uncursed stethoscope Contents of the bag of holding: 2781 gold pieces 11 uncursed +0 daggers 2 uncursed +1 daggers named +1 an uncursed +0 Hawaiian shirt an uncursed +0 Hawaiian shirt an uncursed eucalyptus leaf 13 uncursed food rations an uncursed fortune cookie 3 uncursed lembas wafers 27 uncursed lumps of royal jelly 2 uncursed raw steaks an uncursed sprig of wolfsbane 3 uncursed tripe rations a blessed scroll of amnesia 4 uncursed scrolls of blank paper an uncursed scroll of blank paper an uncursed scroll of blank paper 3 uncursed scrolls of blank paper an uncursed scroll of blank paper 2 uncursed scrolls of blank paper a cursed scroll of blank paper a blessed scroll of confuse monster 6 uncursed scrolls of create monster an uncursed scroll of destroy armor 3 uncursed scrolls of earth a cursed scroll of earth a cursed scroll of fire an uncursed scroll of punishment 2 uncursed scrolls of remove curse 2 blessed scrolls of teleportation 5 uncursed scrolls of teleportation a cursed scroll of teleportation an uncursed potion of acid an uncursed potion of confusion an uncursed potion of enlightenment an uncursed potion of extra healing 3 uncursed potions of full healing a cursed potion of gain ability 2 uncursed potions of gain energy 3 uncursed potions of gain level 5 potions of holy water an uncursed potion of invisibility an uncursed potion of levitation a blessed potion of monster detection an uncursed potion of monster detection a cursed potion of object detection 2 uncursed potions of oil an uncursed potion of polymorph a blessed potion of sleeping an uncursed potion of sleeping an uncursed potion of speed 2 potions of unholy water 2 uncursed potions of water an uncursed ring of cold resistance an uncursed ring of levitation an uncursed ring of stealth an uncursed ring of stealth an uncursed wand of cold (0:8) an uncursed wand of create monster (0:13) an uncursed wand of death (0:6) an uncursed wand of digging (0:7) an uncursed wand of light (0:12) an uncursed wand of make invisible (0:6) an uncursed wand of polymorph (0:8) an uncursed wand of polymorph (0:4) a cursed wand of probing (0:5) an uncursed rusty wand of secret door detection (0:12) an uncursed wand of speed monster (0:7) an uncursed wand of striking (0:5) an uncursed wand of striking (0:3) an uncursed wand of wishing (1:3) an uncursed stethoscope 2 blessed tallow candles (0:200) 9 uncursed tallow candles (0:200) a cursed tallow candle (0:200) an uncursed +0 unicorn horn 3 blessed wax candles (0:400) Spells and supernatural/magical abilities: Name Level Category Fail Memory l - light 1 divination 100% 19% p - protection 1 clerical 100% 37% B - cure blindness 2 healing 100% 65% D - drain life 2 attack 100% 61% W - pray for help -- divine ? -- Your skills at the end: Fighting Skills bare handed combat [Basic] Weapon Skills axe [Expert] two-handed sword [Basic] Spellcasting Skills Final Attributes: You were piously aligned. You were cold resistant. You were sleep resistant. You were shock resistant. You were poison resistant. You were magic-protected. You were blinded. You were telepathic. You were displaced. You were protected. You were very fast. You had reflection. You are dead. Vanquished creatures: 2 storm giants a glass golem 4 silver dragons a white dragon a blue dragon a green dragon 3 yellow dragons 3 Olog-hai a titanothere a trapper a baby gray dragon a guardian naga 3 vampire lords 2 liches a lurker above an Aleax a frost giant an ettin 3 vampires 12 ghosts a lieutenant 2 queen bees 4 giant mimics a fire giant 3 ogre kings 3 ice trolls 2 rock trolls a doppelganger 2 large mimics a long worm 3 couatls 2 air elementals a fire elemental 2 hill giants a giant mummy 2 xorns 2 giant zombies an elf-lord 4 sergeants a water demon 3 wargs 5 small mimics a warhorse 3 ettin mummies an ogre lord 3 quantum mechanics 22 trolls 4 sharks a large dog a flaming sphere 5 shocking spheres 2 tigers a dwarf king 10 tengu an ochre jelly 5 mountain centaurs an elf mummy 2 human mummies 5 red nagas 10 wraiths 2 carnivorous apes a Grey-elf 17 soldiers 2 succubi a crocodile 4 giant beetles 2 cockatrices 6 wolves a lynx a panther 5 leprechauns 3 orc-captains 2 iron piercers 4 giant spiders a black light 3 vampire bats 3 forest centaurs a gnome king 2 orc mummies 2 dwarf mummies 12 ogres 2 brown puddings 4 rust monsters 2 owlbears 2 gold golems 2 werewolves 5 Green-elves 7 giant eels 5 lizards 2 chieftains 3 chickatrices a dog a dingo a housecat 3 jaguars 2 dwarf lords a blue jelly 2 white unicorns 2 black unicorns 3 dust vortices 2 ravens 4 plains centaurs 3 gnome mummies a snake 7 human zombies 2 rope golems a soldier ant 19 bugbears 2 imps a quasit a water nymph 2 mountain nymphs 12 Mordor orcs 4 Uruk-hai an orc shaman 2 rock moles a pony a fog cloud 6 yellow lights a shrieker 8 gnome lords 6 gnomish wizards a kobold mummy a guardian naga hatchling 2 gray oozes a barrow wight 3 ghouls 3 straw golems a baby crocodile 5 giant ants 2 little dogs 3 floating eyes 2 kittens 9 dwarves 4 homunculi 3 kobold lords 4 kobold shamans 13 hill orcs 10 rothes 2 rabid rats a centipede 3 giant bats 3 monkeys 9 orc zombies 11 dwarf zombies a wererat a werejackal 4 iguanas 135 killer bees 2 acid blobs 9 coyotes 2 gas spores a hobbit 5 manes 4 large kobolds 24 hobgoblins 5 giant rats 2 cave spiders a brown mold a yellow mold 2 green molds 26 gnomes 4 gnome zombies 3 geckos 18 jackals 3 foxes 5 kobolds 12 goblins 6 sewer rats 12 grid bugs 7 lichens 8 kobold zombies 10 newts 790 creatures vanquished. Genocided or extinct species: killer bees (extinct) 1 species extinct. Voluntary challenges: You had been an atheist until turn 1945. You used a wielded weapon 1147 times, starting on turn 4. You read items or engraved 19 times, starting on turn 2027. You never genocided any monsters. You never polymorphed an object. You changed form 1 time, starting on turn 14979. You used 2 wishes, starting on turn 17757. You wished for your your first artifact on turn 17757. You split 1 pudding, starting on turn 5292. You never wrote Elbereth's name. You violated your moral code, losing 34 points of alignment, starting on turn 2573. Dungeon overview: The Dungeons of Doom: levels 1 to 29 Level 1 a long staircase Level 2 a general store Level 3 a fountain stairs to The Gnomish Mines Level 4 a scroll shop, a fountain Level 5 many fountains Level 6 an altar to Crom stairs to Sokoban Level 7 Level 8 a fountain Level 9 an armor shop Level 10 some fountains Level 11 a fountain Level 12 portal to The Quest Level 13 some fountains Level 14 Level 15 a fountain Level 16 Level 17 Level 18 a sink Level 19 a temple to Crom Level 20 Level 21 a fountain, a throne Level 22 a fountain Level 23 a fountain Level 24 a temple to Set, some fountains Level 25 Level 26 a fountain Level 27 a temple to Mitra, a fountain Level 28 Level 29 a fountain Gehennom: Level 30 <- You were here stairs to The Dungeons of Doom The Gnomish Mines: levels 4 to 6 Level 4 stairs to The Dungeons of Doom Level 5 Level 6 many shops, a temple to Mitra, some fountains The Quest: Level 1 portal to The Dungeons of Doom Sokoban: levels 2 to 5 Level 2 Level 3 Level 4 Level 5 stairs to The Dungeons of Doom History has recorded: On T:1 you entered the Dungeons of Doom to retrieve the Amulet of Yendor! On T:145 you reached level 2 of The Dungeons of Doom. On T:320 you advanced to experience level 2. On T:398 you advanced to experience level 3. On T:613 you reached level 3 of The Dungeons of Doom. On T:853 you reached level 1 of The Gnomish Mines. On T:870 you advanced to experience level 4. On T:1087 you advanced to experience level 5. On T:1595 you reached level 2 of The Gnomish Mines. On T:1805 you reached level 3 of The Gnomish Mines. On T:1858 you advanced to experience level 6. On T:3362 you reached level 4 of The Dungeons of Doom. On T:3801 you reached level 5 of The Dungeons of Doom. On T:4045 you reached level 8 of The Dungeons of Doom. On T:4087 you advanced to experience level 7. On T:4392 you reached level 7 of The Dungeons of Doom. On T:4831 you reached level 6 of The Dungeons of Doom. On T:5261 you received Cleaver from Crom. On T:5294 you advanced to experience level 8. On T:5829 you reached level 4 of Sokoban. On T:6212 you reached level 3 of Sokoban. On T:7023 you reached level 2 of Sokoban. On T:7501 you reached level 1 of Sokoban. On T:9671 you reached level 9 of The Dungeons of Doom. On T:9961 you reached level 10 of The Dungeons of Doom. On T:10248 you reached level 11 of The Dungeons of Doom. On T:10248 you advanced to experience level 9. On T:10387 you reached level 12 of The Dungeons of Doom. On T:10466 you reached level 1 of The Quest. On T:10556 you advanced to experience level 10. On T:10720 you reached level 13 of The Dungeons of Doom. On T:11079 you reached level 14 of The Dungeons of Doom. On T:11391 you reached level 15 of The Dungeons of Doom. On T:11649 you reached level 16 of The Dungeons of Doom. On T:11873 you reached level 17 of The Dungeons of Doom. On T:12049 you advanced to experience level 11. On T:12352 you reached level 18 of The Dungeons of Doom. On T:12664 you reached level 19 of The Dungeons of Doom. On T:13409 you reached level 20 of The Dungeons of Doom. On T:14178 you reached level 21 of The Dungeons of Doom. On T:14780 you advanced to experience level 12. On T:14979 you reached level 22 of The Dungeons of Doom. On T:15599 you reached level 23 of The Dungeons of Doom. On T:15742 you reached level 24 of The Dungeons of Doom. On T:15915 you reached level 25 of The Dungeons of Doom. On T:16146 you reached level 26 of The Dungeons of Doom. On T:16395 you reached level 27 of The Dungeons of Doom. On T:16607 you reached level 28 of The Dungeons of Doom. On T:16623 you reached The Castle. On T:17547 you advanced to experience level 13. On T:17757 you wished for "blessed fixed Eye of the Aethiopica". On T:17759 you wished for "3 cursed scrolls of genocide". On T:18001 you reached The Valley of the Dead. On T:18369 you advanced to experience level 14. Score breakdown: Gold: 2781 (11716 points) Experience: 14 levels (20086 points) Exploration: 30 levels ( 56.60%) (22403 points) Discoveries: 59 items ( 24.08%) (14721 points) Valuables value: (no points given unless you survive) Artifact value: 5500 (12723 points) Variety of kills: 173 monsters ( 45.41%) (20215 points) Turncount: 18377 turns (-3277 points) Survival: died (score multiplied by 80%) Total score: 78869 Latest messages: It grabs you! The invisible demilich casts a spell! You feel that monsters are aware of your presence. You cannot escape from it! You smite it. The ogre king hits! It hits! It misses. You are being choked. The lieutenant hits! You destroy it! Wait! There's something there you can't see! The ogre king hits! The lieutenant hits! (2x) You smite it. You feel a mild chill. The ogre king hits! (2x) You die... Final status: Goodbye Aethelfleda the Barbarian, killed by an ogre king... You died in Gehennom on dungeon level 30 with 78869 points, and 2781 pieces of gold, after 18377 moves. You were level 14 with a maximum of 130 hit points when you died.